PL
BUCKHEAD BOWTIES @ RICHARDSON CITY THUNDERCATS
08/21/2021
 
TOP OF THE 1ST
Buckhead Bowties batting - Pitching for Richardson City Thundercats : LHP Jesús Gonzáles
Pitching: LHP Jesús Gonzáles
Batting: RHB John Downing 0-0: Called Strike
0-1: Ball
1-1: Ball
2-1: SINGLE (Line Drive, 9S)
Batting: LHB Neil Lawson 0-0: Called Strike
0-1: Swinging Strike
0-2: Foul Ball, location: 2F
0-2: Ball
1-2: Ball
2-2: Strikes out swinging
Batting: LHB Min-heui Im 0-0: Called Strike
0-1: Foul Ball, location: 2F
0-2: Strikes out looking
Batting: RHB Chandler Bailey 0-0: Swinging Strike
0-1: Foul Ball, location: 2F
0-2: Ball
1-2: Ball
2-2: Strikes out looking
Top of the 1st over - 0 run(s), 1 hit(s), 0 error(s), 1 left on base; Buckhead 0 - Richardson City 0
BOTTOM OF THE 1ST
Richardson City Thundercats batting - Pitching for Buckhead Bowties : RHP Yoriyoshi Yamamoto
Pitching: RHP Yoriyoshi Yamamoto
Batting: RHB Juan Cabrera 0-0: SINGLE (Line Drive, 34)
Batting: SHB Leonard O'Connor 0-0: Ball
1-0: Foul Ball, location: 2F
1-1: SINGLE (Groundball, 56)
Juan Cabrera to second
Batting: SHB Eugene Parrish 0-0: Ball
1-0: Called Strike
1-1: Ball
2-1: Swinging Strike
2-2: Strikes out swinging
Batting: LHB Terrence Eler 0-0: Ball
1-0: Ball
2-0: Foul Ball, location: 2F
2-1: Grounds into double play, 4-6-3 (Groundball, 34)
Bottom of the 1st over - 0 run(s), 2 hit(s), 0 error(s), 1 left on base; Buckhead 0 - Richardson City 0
TOP OF THE 2ND
Buckhead Bowties batting - Pitching for Richardson City Thundercats : LHP Jesús Gonzáles
Batting: RHB Gabriel Rodríguez 0-0: Ball
1-0: Ball
2-0: Called Strike
2-1: Ball
3-1: Base on Balls
Batting: RHB Dave King 0-0: Grounds into double play, 4-6-3 (Groundball, 4)
Batting: RHB Domingo García 0-0: Called Strike
0-1: Called Strike
0-2: Ball
1-2: Ball
2-2: Strikes out swinging
Top of the 2nd over - 0 run(s), 0 hit(s), 0 error(s), 0 left on base; Buckhead 0 - Richardson City 0
BOTTOM OF THE 2ND
Richardson City Thundercats batting - Pitching for Buckhead Bowties : RHP Yoriyoshi Yamamoto
Batting: RHB Nate Cates 0-0: Swinging Strike
0-1: Ball
1-1: Ball
2-1: Ball
3-1: Base on Balls
Batting: RHB Iván Pérez 0-0: SINGLE (Flyball, 89S)
Nate Cates to second
Runner from 2nd tries for 3rd, SAFE, throw made to third
Batting: RHB Joey Jones 0-0: Ball
1-0: Ball
2-0: Ball
3-0: Base on Balls
Iván Pérez to second
Batting: RHB Steve Dunn 0-0: Ball
1-0: Foul Ball, location: 2F
1-1: Grounds into double play, 5-4-3 (Groundball, 5)
Nate Cates scores
Iván Pérez to third
Batting: LHB Jack Schmitt 0-0: Ball
1-0: Ball
2-0: Called Strike
2-1: Foul Ball, location: 2F
2-2: Ball
3-2: Foul Ball, location: 2F
3-2: 2-RUN HOME RUN (Line Drive, 9LD), Distance : 341 ft
Batting: RHB Juan Cabrera 0-0: Foul Ball, location: 2F
0-1: Fly out, F8 (Flyball, 8LM)
Bottom of the 2nd over - 3 run(s), 2 hit(s), 0 error(s), 0 left on base; Buckhead 0 - Richardson City 3
TOP OF THE 3RD
Buckhead Bowties batting - Pitching for Richardson City Thundercats : LHP Jesús Gonzáles
Batting: RHB Pedro Morales 0-0: Foul Ball, location: 2F
0-1: Ball
1-1: Swinging Strike
1-2: Strikes out swinging
Batting: RHB Aaron Phillips 0-0: Fly out, F8 (Flyball, 8LS)
Batting: RHB John Downing 0-0: Foul Ball, location: 2F
0-1: Ball
1-1: Ball
2-1: Ground out 5-3 (Groundball, 56)
Top of the 3rd over - 0 run(s), 0 hit(s), 0 error(s), 0 left on base; Buckhead 0 - Richardson City 3
BOTTOM OF THE 3RD
Richardson City Thundercats batting - Pitching for Buckhead Bowties : RHP Yoriyoshi Yamamoto
Batting: SHB Leonard O'Connor 0-0: Called Strike
0-1: Fly out, F9 (Flyball, 9LM)
Batting: SHB Eugene Parrish 0-0: Called Strike
0-1: Ground out 4-3 (Groundball, 4)
Batting: LHB Terrence Eler 0-0: Ball
1-0: Ground out U3 (Groundball, 3S)
Bottom of the 3rd over - 0 run(s), 0 hit(s), 0 error(s), 0 left on base; Buckhead 0 - Richardson City 3
TOP OF THE 4TH
Buckhead Bowties batting - Pitching for Richardson City Thundercats : LHP Jesús Gonzáles
Batting: LHB Neil Lawson 0-0: Foul Ball, location: 2F
0-1: Swinging Strike
0-2: Ball
1-2: Ball
2-2: Ball
3-2: Base on Balls
Batting: LHB Min-heui Im 0-0: Ball
1-0: Foul Ball, location: 2F
1-1: Foul Ball, location: 2F
1-2: Ball
2-2: Ball
3-2: SINGLE (Line Drive, 9LS)
Neil Lawson to second
Neil Lawson to third
Batting: RHB Chandler Bailey 0-0: Called Strike
0-1: SINGLE (Flyball, 9LS)
Neil Lawson scores
Min-heui Im to second
Runner from 2nd tries for 3rd, SAFE, no throw or cutoff
Batting: RHB Gabriel Rodríguez 0-0: Swinging Strike
0-1: Foul Ball, location: 2F
0-2: Strikes out looking
Batting: RHB Dave King 0-0: Foul Ball, location: 2F
0-1: Foul Ball, location: 2F
0-2: Ball
1-2: Strikes out looking
Batting: RHB Domingo García 0-0: Ball
1-0: Called Strike
1-1: Fly out, F9 (Flyball, 89S)
Top of the 4th over - 1 run(s), 2 hit(s), 0 error(s), 2 left on base; Buckhead 1 - Richardson City 3
BOTTOM OF THE 4TH
Richardson City Thundercats batting - Pitching for Buckhead Bowties : RHP Yoriyoshi Yamamoto
Batting: RHB Nate Cates 0-0: Swinging Strike
0-1: Ball
1-1: Ball
2-1: Swinging Strike
2-2: Foul Ball, location: 2F
2-2: Strikes out swinging
Batting: RHB Iván Pérez 0-0: Called Strike
0-1: Ball
1-1: Foul Ball, location: 2F
1-2: Ground out 5-3 (Groundball, 15S)
Batting: RHB Joey Jones 0-0: Ball
1-0: Fly out, F9 (Flyball, 9LS)
Bottom of the 4th over - 0 run(s), 0 hit(s), 0 error(s), 0 left on base; Buckhead 1 - Richardson City 3
TOP OF THE 5TH
Buckhead Bowties batting - Pitching for Richardson City Thundercats : LHP Jesús Gonzáles
Batting: RHB Pedro Morales 0-0: Foul Ball, location: 2F
0-1: Ball
1-1: Swinging Strike
1-2: Ball
2-2: Strikes out swinging
Batting: RHB Aaron Phillips 0-0: Ball
1-0: DOUBLE (Line Drive, 8LM)
Batting: RHB John Downing 0-0: Called Strike
0-1: Foul Ball, location: 2F
0-2: Ball
1-2: Ball
2-2: Ball
3-2: DOUBLE (Flyball, 8RD)
Aaron Phillips scores
Batting: LHB Neil Lawson 0-0: Called Strike
0-1: Ball
1-1: Ball
2-1: Fly out, F3 (Line Drive, 3D)
Batting: LHB Min-heui Im 0-0: Foul Ball, location: 2F
0-1: Called Strike
0-2: Ground out 3-1 (Groundball, 34)
Top of the 5th over - 1 run(s), 2 hit(s), 0 error(s), 1 left on base; Buckhead 2 - Richardson City 3
BOTTOM OF THE 5TH
Richardson City Thundercats batting - Pitching for Buckhead Bowties : RHP Yoriyoshi Yamamoto
Batting: RHB Steve Dunn 0-0: Ball
1-0: Ball
2-0: Ball
3-0: Base on Balls
Batting: LHB Jack Schmitt 0-0: Called Strike
0-1: Swinging Strike
0-2: Ball
1-2: Foul Ball, location: 2F
1-2: Strikes out swinging
Batting: RHB Juan Cabrera 0-0: Grounds into double play, 5-4-3 (Groundball, 5)
Bottom of the 5th over - 0 run(s), 0 hit(s), 0 error(s), 0 left on base; Buckhead 2 - Richardson City 3
TOP OF THE 6TH
Buckhead Bowties batting - Pitching for Richardson City Thundercats : LHP Jesús Gonzáles
Batting: RHB Chandler Bailey 0-0: Ground out 6-3 (Groundball, 6)
Batting: RHB Gabriel Rodríguez 0-0: Called Strike
0-1: Called Strike
0-2: Strikes out swinging
Batting: RHB Dave King 0-0: Ball
1-0: Called Strike
1-1: Ball
2-1: Ball
3-1: Foul Ball, location: 2F
3-2: Fly out, F9 (Flyball, 9M)
Top of the 6th over - 0 run(s), 0 hit(s), 0 error(s), 0 left on base; Buckhead 2 - Richardson City 3
BOTTOM OF THE 6TH
Richardson City Thundercats batting - Pitching for Buckhead Bowties : RHP Yoriyoshi Yamamoto
Batting: SHB Leonard O'Connor 0-0: Called Strike
0-1: Ball
1-1: Ball
2-1: Called Strike
2-2: Ball
3-2: Base on Balls
Batting: SHB Eugene Parrish 0-0: Foul Ball, location: 2F
0-1: Called Strike
0-2: Strikes out swinging
Batting: LHB Terrence Eler 0-0: Ball
1-0: Ball
2-0: Fielders Choice at 2nd, U6 (Groundball, 6M)
Batting: RHB Nate Cates 0-0: Ball
1-0: Foul Ball, location: 2F
1-1: Foul Ball, location: 2F
1-2: Fly out, F7 (Flyball, 78D)
Bottom of the 6th over - 0 run(s), 0 hit(s), 0 error(s), 1 left on base; Buckhead 2 - Richardson City 3
TOP OF THE 7TH
Buckhead Bowties batting - Pitching for Richardson City Thundercats : LHP Jesús Gonzáles
Batting: RHB Domingo García 0-0: Ball
1-0: Ground out 4-3 (Groundball, 4M)
Batting: RHB Pedro Morales 0-0: Called Strike
0-1: Foul Ball, location: 2F
0-2: SOLO HOME RUN (Flyball, 7D), Distance : 376 ft
Batting: RHB Aaron Phillips 0-0: Ball
1-0: Called Strike
1-1: Fly out, F7 (Line Drive, 7M)
Batting: RHB John Downing 0-0: Ball
1-0: Ball
2-0: Ball
3-0: Called Strike
3-1: Base on Balls
Batting: LHB Neil Lawson 0-0: Called Strike
0-1: Ball
1-1: Foul Ball, location: 2F
1-2: Foul Ball, location: 2F
1-2: Foul Ball, location: 2F
1-2: Strikes out swinging
Top of the 7th over - 1 run(s), 1 hit(s), 0 error(s), 1 left on base; Buckhead 3 - Richardson City 3
BOTTOM OF THE 7TH
Richardson City Thundercats batting - Pitching for Buckhead Bowties : RHP Yoriyoshi Yamamoto
Batting: RHB Iván Pérez 0-0: Ball
1-0: Ground out 1-3 (Groundball, 25)
Batting: RHB Joey Jones 0-0: Fly out, F9 (Flyball, 9M)
Batting: RHB Steve Dunn 0-0: Called Strike
0-1: Ball
1-1: Foul Ball, location: 2F
1-2: Ball
2-2: Ground out 5-3 (Groundball, 56)
Bottom of the 7th over - 0 run(s), 0 hit(s), 0 error(s), 0 left on base; Buckhead 3 - Richardson City 3
TOP OF THE 8TH
Buckhead Bowties batting - Pitching for Richardson City Thundercats : LHP Jesús Gonzáles
Batting: LHB Min-heui Im 0-0: Called Strike
0-1: Foul Ball, location: 2F
0-2: Ball
1-2: Foul Ball, location: 2F
1-2: Ball
2-2: Ground out 3-1 (Groundball, 34)
Batting: RHB Chandler Bailey 0-0: SINGLE (Line Drive, 6MD)
Batting: RHB Gabriel Rodríguez 0-0: 2-RUN HOME RUN (Flyball, 8LXD), Distance : 435 ft
Pitching: LHP Xavier Perea
Batting: RHB Dave King 0-0: Ball
1-0: Ball
2-0: Called Strike
2-1: Foul Ball, location: 2F
2-2: Ball
3-2: Strikes out swinging
Batting: RHB Domingo García 0-0: Ball
1-0: Ball
2-0: Swinging Strike
2-1: Foul Ball, location: 2F
2-2: Strikes out swinging
Top of the 8th over - 2 run(s), 2 hit(s), 0 error(s), 0 left on base; Buckhead 5 - Richardson City 3
BOTTOM OF THE 8TH
Richardson City Thundercats batting - Pitching for Buckhead Bowties : RHP Yoriyoshi Yamamoto
Batting: LHB Jack Schmitt 0-0: Fly out, F8 (Flyball, 78M)
Batting: RHB Juan Cabrera 0-0: Ball
1-0: Ground out 6-3 (Groundball, 6)
Batting: SHB Leonard O'Connor 0-0: Ball
1-0: Ball
2-0: Fly out, F5 (Popup, 5SF)
Bottom of the 8th over - 0 run(s), 0 hit(s), 0 error(s), 0 left on base; Buckhead 5 - Richardson City 3
TOP OF THE 9TH
Buckhead Bowties batting - Pitching for Richardson City Thundercats : LHP Xavier Perea
Batting: RHB Pedro Morales 0-0: Ball
1-0: Called Strike
1-1: Foul Ball, location: 2F
1-2: Foul Ball, location: 2F
1-2: Foul Ball, location: 2F
1-2: Strikes out looking
Batting: RHB Aaron Phillips 0-0: Swinging Strike
0-1: Called Strike
0-2: Ball
1-2: Foul Ball, location: 2F
1-2: Ball
2-2: Foul Ball, location: 2F
2-2: Foul Ball, location: 2F
2-2: Foul Ball, location: 2F
2-2: Strikes out swinging
Batting: RHB John Downing 0-0: Ball
1-0: Called Strike
1-1: Foul Ball, location: 2F
1-2: Strikes out looking
Top of the 9th over - 0 run(s), 0 hit(s), 0 error(s), 0 left on base; Buckhead 5 - Richardson City 3
BOTTOM OF THE 9TH
Richardson City Thundercats batting - Pitching for Buckhead Bowties : RHP Yoriyoshi Yamamoto
Batting: SHB Eugene Parrish 0-0: Swinging Strike
0-1: Called Strike
0-2: Ball
1-2: Foul Ball, location: 2F
1-2: Strikes out swinging
Batting: LHB Terrence Eler 0-0: Ball
1-0: Ball
2-0: Foul Ball, location: 2F
2-1: Ball
3-1: Foul Ball, location: 2F
3-2: Ground out 6-3 (Groundball, 6M)
Batting: RHB Nate Cates 0-0: Ball
1-0: Fly out, F9 (Flyball, 9D)
Bottom of the 9th over - 0 run(s), 0 hit(s), 0 error(s), 0 left on base; Buckhead 5 - Richardson City 3
This league is powered by Out of the Park Baseball, the baseball management simulation game for PC, Mac and Linux
Friday, January 22nd, 2016 - OOTP Baseball 16.9 Build 39